 Dungeon Crawl Stone Soup version 0.19-a0-1837-gdfe47cf (webtiles) character file.

2531 Levianaught the Fighter (level 9, -19/60 HPs)
             Began as a Gargoyle Berserker on Oct 8, 2016.
             Was a Priest of Trog.
             Demolished by an ogre
             ... wielding a +0 giant club
              (21 damage)
             ... on level 7 of the Dungeon on Oct 9, 2016.
             The game lasted 00:16:35 (7044 turns).

Levianaught the Fighter (Gargoyle Berserker)        Turns: 7044, Time: 00:16:36

Health: -19/60     AC: 21    Str: 23      XL:     9   Next: 55%
Magic:  9/9        EV: 11    Int:  8      God:    Trog [***...]
Gold:   443        SH:  0    Dex:  9 (10) Spells: 0 memorised, 8 levels left

rFire  + . .     SeeInvis .     a - +0 hand axe
rCold  + . .     Gourm    .     h - +3 ring mail {rF+}
rNeg   + . .     Faith    .     (no shield)
rPois  ∞         Spirit   .     (helmet restricted)
rElec  +         Dismiss  .     p - +0 cloak
rCorr  .         Reflect  .     F - +1 pair of gloves {archery}
MR     +....     Harm     .     (no boots)
Stlth  ..........               K - amulet of regeneration
                                m - ring of protection from magic
                                d - ring of protection from cold

@: no status effects
A: horns 1, talons 1, icy blue scales 1, deterioration 1, high mp 1, negative
energy resistance 1, electricity resistance, unbreathing, evolution 1,
petrification resistance, rot immunity, AC +5
a: Berserk, Trog's Hand, Burn Spellbooks, Renounce Religion


You were on level 7 of the Dungeon.
You worshipped Trog.
Trog was most pleased with you.
You were not hungry.

You visited 1 branch of the dungeon, and saw 7 of its levels.

You collected 443 gold pieces.

Inventory:

Hand Weapons
 a - a +0 hand axe (weapon)
Armour
 h - a +3 ring mail of fire resistance (worn)
 p - a +0 cloak (worn)
 F - a +1 pair of gloves of archery (worn)
Jewellery
 d - a ring of protection from cold (left hand)
 m - a ring of protection from magic (right hand)
 u - an uncursed ring of protection from cold
 K - an amulet of regeneration (around neck)
Wands
 c - a wand of iceblast (4/15)
 o - a wand of slowing (14/48)
 q - a wand of polymorph (11/24)
 s - a wand of disintegration (10/24)
 H - a wand of iceblast (9/15)
Scrolls
 e - 2 scrolls of magic mapping {unknown}
 f - 3 scrolls of teleportation
 g - 6 scrolls of remove curse
 j - 2 scrolls of blinking {unknown}
 k - a scroll of random uselessness {unknown}
 l - a scroll of enchant armour {unknown}
 n - a scroll of identify {unknown}
 r - a scroll of recharging {unknown}
 y - a scroll of enchant weapon {unknown}
 z - a scroll of noise {unknown}
 G - a scroll of amnesia {unknown}
Potions
 i - 2 potions of magic
 w - a potion of cancellation
 x - 2 potions of haste {unknown}
 A - a potion of heal wounds {unknown}
 C - a potion of curing {unknown}
 E - a potion of degeneration {unknown}


   Skills:
 + Level 8.5 Fighting
 + Level 7.3 Axes
 + Level 8.4 Armour
 - Level 1.5 Dodging


You had 8 spell levels left.
You didn't know any spells.

Dungeon Overview and Level Annotations

Branches:
Dungeon (7/15)             Temple (0/1) D:6

Altars:
Cheibriados
Dithmenos
Gozag
Nemelex Xobeh
Okawaru
Qazlal
Ru
Trog
Uskayaw
Vehumet
Yredelemnul
Zin
The Shining One


Innate Abilities, Weirdness & Mutations

You are resistant to torment.
Your stone body is resilient. (AC +5)
You are immune to poison.
You resist negative energy. (rN+)
You are resistant to electric shocks. (rElec)
You can survive without breathing.
You are immune to petrification.
You are immune to rotting.
You have a pair of small horns on your head.
You have sharp toenails.
You are partially covered in icy blue scales. (AC +2)
Your body sometimes deteriorates upon taking damage.
You have an increased reservoir of magic. (+10% MP)
You evolve.


Message History

The ogre is moderately wounded.
The ogre hits you with a giant club!
You closely miss the ogre. You headbutt the ogre.
The ogre is heavily wounded.
The ogre hits you with a giant club.
You closely miss the ogre.
The ogre is heavily wounded.
You closely miss the ogre. Your kick misses the ogre.
Your headbutt misses the ogre.
The ogre is heavily wounded.
The ogre hits you with a giant club!!
You closely miss the ogre. Your kick misses the ogre.
Your headbutt misses the ogre.
The ogre is heavily wounded.
The ogre hits you with a giant club!!
* * * LOW HITPOINT WARNING * * *
You hit the ogre. Your kick misses the ogre. You headbutt the ogre.
The ogre is severely wounded.
The ogre hits you with a giant club!!
You die...

#.. #.#### #.#..#
#....## ###.#...#####
#.......@O..#
#.#.#...###.#
#.#...#..#
#....###....
#######.#...#..(..#
###.........([...#..#
<.......>...#.#.....#
###############.......
..............# #.. ##


You could see an ogre.

Vanquished Creatures
  Prince Ribbit (D:6)
  A hungry ghost (D:7)
  Duvessa (D:6)
  2 sky beasts (D:5)
  2 black bears
  4 ogres
  2 centaurs
  A bullfrog (D:7)
  Dowan (D:6)
  2 scorpions
  2 howler monkeys (D:5)
  A bullfrog zombie (D:6)
  3 crimson imps
  A quasit (D:6)
  3 jellies
  A centaur skeleton (D:5)
  An orc priest (D:6)
  Crazy Yiuf (D:2)
  Jessica (D:2)
  4 orc wizards
  8 worker ants
  2 hound skeletons (D:6)
  Robin (D:2)
  A howler monkey skeleton (D:5)
  5 adders
  3 shadow imps (D:5)
  An ooze (D:3)
  3 adder skeletons
  2 worms (D:2)
  2 dart slugs
  6 leopard geckos
  18 orcs
  2 ball pythons
  5 bats
  6 giant cockroaches
  9 goblins
  12 hobgoblins
  5 jackals
  8 kobolds
  6 quokkas
  2 frilled lizards
  A leopard gecko skeleton (D:5)
  A quokka skeleton (D:6)
  A quokka zombie (D:5)
  2 rats
147 creatures vanquished.

Notes
Turn   | Place    | Note
-------+----------+-------------------------------------------
     0 | D:1      | Levianaught the Gargoyle Berserker began the quest for the Orb.
     0 | D:1      | Reached XP level 1. HP: 14/14 MP: 1/1
   259 | D:1      | Reached XP level 2. HP: 19/19 MP: 2/2
   898 | D:2      | Found a radiant altar of Vehumet.
   904 | D:2      | Noticed Jessica
   909 | D:2      | Killed Jessica
   909 | D:2      | Reached XP level 3. HP: 22/24 MP: 3/3
   929 | D:2      | Noticed Robin
   942 | D:2      | Killed Robin
   942 | D:2      | Reached XP level 4. HP: 29/29 MP: 4/4
   997 | D:2      | Found a runed door.
  1104 | D:2      | Found an opulent altar of Gozag.
  1381 | D:2      | Found a shadowy altar of Dithmenos.
  1493 | D:2      | Reached ** piety under Trog
  1655 | D:2      | Noticed Crazy Yiuf
  1665 | D:2      | Killed Crazy Yiuf
  1665 | D:2      | Reached XP level 5. HP: 11/34 MP: 5/5
  2218 | D:3      | Found a glowing silver altar of Zin.
  2581 | D:3      | Found a basalt altar of Yredelemnul.
  3258 | D:4      | Reached XP level 6. HP: 31/40 MP: 6/6
  3314 | D:4      | Reached skill level 5 in Fighting
  3515 | D:4      | Found a glowing golden altar of the Shining One.
  4047 | D:5      | Entered Level 5 of the Dungeon
  4072 | D:5      | Reached skill level 5 in Armour
  4092 | D:5      | Reached XP level 7. HP: 38/44 MP: 7/7
  4224 | D:5      | Gained mutation: You occasionally shout uncontrollably at your foes. [mutagenic meat]
  4227 | D:5      | Gained mutation: You are partially covered in icy blue scales. (AC +2) [potion of mutation]
  4227 | D:5      | Lost mutation: You occasionally shout uncontrollably at your foes. [potion of mutation]
  4227 | D:5      | Gained mutation: You have an increased reservoir of magic. (+10% MP) [potion of mutation]
  5008 | D:5      | Reached skill level 5 in Axes
  5017 | D:5      | Gained mutation: You evolve. [mutagenic meat]
  5020 | D:5      | Gained mutation: You have sharp toenails. [mutagenic meat]
  5023 | D:5      | Gained mutation: Your body sometimes deteriorates upon taking damage. [mutagenic meat]
  5026 | D:5      | Gained mutation: You have a pair of small horns on your head. [mutagenic meat]
  5138 | D:5      | Found a stormy altar of Qazlal.
  5145 | D:5      | Found an iron altar of Okawaru.
  5147 | D:5      | Found a sparkling altar of Nemelex Xobeh.
  5148 | D:5      | Found a bloodstained altar of Trog.
  5204 | D:5      | Found a sacrificial altar of Ru.
  5434 | D:5      | Reached XP level 8. HP: 41/51 MP: 8/8
  5478 | D:5      | Reached *** piety under Trog
  6111 | D:6      | Found a staircase to the Ecumenical Temple.
  6184 | D:6      | Noticed Duvessa
  6185 | D:6      | Noticed Dowan
  6205 | D:6      | Killed Duvessa
  6221 | D:6      | Killed Dowan
  6221 | D:6      | Reached XP level 9. HP: 34/57 MP: 9/9
  6437 | D:6      | Noticed Prince Ribbit
  6492 | D:6      | Killed Prince Ribbit
  6620 | D:6      | Found a hide-covered altar of Uskayaw.
  6773 | D:7      | Found a snail-covered altar of Cheibriados.
  7043 | D:7      | HP: 1/60 [ogre/giant club (20)]
  7044 | D:7      | Demolished by an ogre

Vault maps used:
D:1:      lemuel_arrival_room, serial_park_tiny_1, hangedman_decor_points
D:2:      nicolae_overflow_hidden_temple,
          nicolae_gozag_cash_rules_everything_around_me,
          nicolae_dithmenos_shadow_blocks, uniq_jessica, uniq_robin,
          uniq_crazy_yiuf_cottage
D:3:      minmay_door_path, old_standard_altar, lemuel_crystal_altar
D:4:      nicolae_tso_carved_into_rock
D:5:      kennysheep_windowed_halls, minitemple, first_bread,
          nicolae_ru_great_annihilating_truth
D:6:      lemuel_statue_altar, uniq_duvessa, uniq_prince_ribbit1
D:7:      lemuel_coloured_pillars_altar, the_bakery

Skill      XL: |  1  2  3  4  5  6  7  8  9 |
---------------+----------------------------+-----
Axes           | 3 4 5 6 7 |  7.3
Fighting       | 4 5 6 7 8 |  8.5
Armour         | 3 4 5 6 7 8 |  8.4
Dodging        | |  1.5

Action                   |  1- 3 |  4- 6 |  7- 9 || total
-------------------------+-------+-------+-------++-------
Melee: Hand axe          |    53 |   299 |   352 ||   704
       Kick              |       |       |    77 ||    77
       Headbutt          |       |       |    57 ||    57
Invok: Berserk           |     1 |     1 |     3 ||     5
       Trog's Hand       |       |       |     2 ||     2
  Use: Scroll            |       |     2 |       ||     2
       Potion            |       |       |     5 ||     5
 Stab: Sleeping          |       |     1 |       ||     1
       Invisible         |       |       |     2 ||     2
  Eat: Bread ration      |       |     2 |     1 ||     3
       Beef jerky        |       |     1 |       ||     1
       Chunk             |       |     1 |     7 ||     8
       Pizza             |       |     1 |     1 ||     2
       Meat ration       |       |       |     2 ||     2
       Royal jelly       |       |       |     1 ||     1
Armor: Animal skin       |    20 |    58 |       ||    78
       Ring mail         |       |    37 |    26 ||    63
       Chain mail        |       |    10 |   237 ||   247
Dodge: Dodged            |    44 |   173 |   150 ||   367
